 Dungeon Crawl Stone Soup version 0.23.2-40-g277498a001 (webtiles) character file.

Game seed: 9923826092456123312

500615 DildoBatman the Metallomancer (level 27, -8/190 HPs)
             Began as a Formicid Wizard on Sept 26, 2019.
             Was an Initiate of Gozag.
             Mangled by a bennu (11 damage)
             ... on level 3 of the Tomb of the Ancients.
             The game lasted 04:42:42 (52042 turns).

DildoBatman the Metallomancer (Formicid Wizard)    Turns: 52042, Time: 04:42:42

Health: -8/190     AC: 32    Str: 19      XL:     27
Magic:  5/47       EV:  8    Int: 38 (39) God:    Gozag
Gold:   3999       SH:  0    Dex:  8 (11) Spells: 14/66 levels left

rFire    + . .     SeeInvis +   a - +10 arbalest of the Warrior {flame, MR+ Int+7}
rCold    + + +     Gourm    .   q - +5 shield "Doogg" {rC++}
rNeg     + + +     Faith    .   p - +4 troll leather armour
rPois    ∞         Spirit   .   (helmet unavailable)
rElec    +         Reflect  .   J - +2 cloak {rC+}
rCorr    +         Harm     .   K - +2 pair of gloves
MR       +++++                  O - +2 pair of boots
Stlth    +++.......             m - amulet of magic regeneration
HPRegen  0.81/turn              V - +5 ring of protection
MPRegen  0.55/turn              f - ring of wizardry

@: mighty, brilliant, lich-form, resistant, marked, gold aura, held, studying
Ice Magic, deflect missiles
A: permanent stasis, dig shafts and tunnels, four strong arms, antennae 3, thin
skeletal structure 1, dopey 1, magic resistance 1, shaggy fur 1
}: 1/15 runes: barnacled
a: Dig, Shaft Self, End Transformation, Potion Petition, Call Merchant, Bribe
Branch, Renounce Religion


You were on level 3 of the Tomb of the Ancients.
You worshipped Gozag.
Gozag was most pleased with you.
You were not hungry.
You were a lich.
You visited 9 branches of the dungeon, and saw 42 of its levels.
You also visited: Bailey, Ice Cave and Volcano.

You collected 19207 gold pieces.
You spent 6372 gold pieces at shops.
You paid 8836 gold pieces to Gozag.

Inventory:

Hand Weapons
 a - the +10 arbalest of the Warrior (weapon) {flame, MR+ Int+7}
   (You bought it in a shop on level 2 of the Orcish Mines)

   It causes projectiles fired from it to burn those they strike, causing extra
   injury to most foes and up to half again as much damage against particularly
   susceptible opponents.
   It affects your intelligence (+7).
   It affects your resistance to hostile enchantments.
Missiles
 n - 783 bolts (quivered)
 L - 5 throwing nets
Armour
 o - the +2 robe of Vines {NoPotionHeal Regen+7}
   (You bought it in a shop on level 1 of the Tomb of the Ancients)

   It increases your rate of regeneration.
 p - a +4 troll leather armour (worn)
 q - the +5 shield "Doogg" (worn) {rC++}
   (You found it on level 3 of the Vaults)

   It greatly protects you from cold.
 G - a +0 large shield
 J - a +2 cloak of cold resistance (worn)
 K - a +2 pair of gloves (worn)
 O - a +2 pair of boots (worn)
Jewellery
 f - a ring of wizardry (right hand)
 l - an uncursed ring of resist corrosion
 m - an amulet of magic regeneration (around neck)
 r - the amulet of Mesoja {Regen+ Int+2}
   (You bought it in a shop on level 2 of the Orcish Mines)

   [amulet of regeneration]

   It affects your intelligence (+2).
   It increases your rate of regeneration.
 R - an uncursed ring of protection from fire
 V - a +5 ring of protection (left hand)
Wands
 e - a wand of acid (22)
 y - a wand of iceblast (36)
 I - a wand of disintegration (32)
Scrolls
 b - a scroll of silence {unknown}
 d - 2 scrolls of acquirement
 g - 3 scrolls of immolation
 i - 6 scrolls of amnesia
 j - a scroll of torment
 k - 10 scrolls of enchant armour
 x - 16 scrolls of remove curse
 z - 10 scrolls of identify
 C - 5 scrolls of magic mapping
 E - a scroll of summoning
 P - 5 scrolls of fog
Potions
 c - 16 potions of curing
 t - 2 potions of mutation
 u - 3 potions of brilliance
 w - a potion of magic
 A - 3 potions of resistance
 B - 3 potions of might
 D - 3 potions of agility
Books
 h - a manual of Ice Magic
Miscellaneous
 F - a fan of gales
 H - a phial of floods
 M - a sack of spiders
 S - 4 phantom mirrors
 T - a box of beasts
 W - a lamp of fire
 X - a lightning rod (4/4)
Comestibles
 v - 22 rations


   Skills:
 - Level 10.0 Fighting
   Level 5.0 Long Blades
   Level 5.0 Polearms
 - Level 5.0 Crossbows
 - Level 10.0 Armour
 - Level 8.0 Dodging
 - Level 6.0 Stealth
 - Level 9.0 Shields
 - Level 20.0 Spellcasting
 - Level 6.1 Conjurations
 - Level 7.0 Charms
   Level 1.0 Summonings
 - Level 19.0 Necromancy
   Level 0.8 Translocations
 - Level 19.0 Transmutations
 - Level 5.0 Fire Magic
 - Level 6.0 Ice Magic
 - Level 8.2 Air Magic
 * Level 21.8 Earth Magic
 - Level 6.0 Poison Magic
 - Level 6.0 Evocations


You had 14 spell levels left.
You knew the following spells:

 Your Spells              Type           Power        Failure   Level  Hunger
a - Borgnjor's Vile Clut  Necr/Erth      ########..   0%          5    N/A
b - Shatter               Erth           ########..   1%          9    N/A
c - Dispel Undead         Necr           ########     0%          5    N/A
d - Necromutation         Tmut/Necr      ########..   1%          8    N/A
e - Regeneration          Chrm/Necr      ########..   0%          3    N/A
f - Bolt of Magma         Conj/Fire/Erth #######...   1%          5    N/A
g - Conjure Flame         Conj/Fire      #######.     1%          3    N/A
i - Ozocubu's Armour      Chrm/Ice       #######.     1%          3    N/A
j - Deflect Missiles      Chrm/Air       #######...   1%          6    N/A
k - Mephitic Cloud        Conj/Pois/Air  #######.     1%          3    N/A
z - Sublimation of Blood  Necr           ########..   0%          2    N/A

Your spell library contained the following spells:

 Spells                   Type           Power        Failure   Level  Hunger
 Animate Skeleton         Necr           N/A          0%          1    N/A
 Pain                     Necr           ####         0%          1    N/A
 Corpse Rot               Necr           N/A          0%          2    N/A
 Vampiric Draining        Necr           ########..   0%          3    N/A
 Animate Dead             Necr           N/A          0%          4    N/A
 Petrify                  Tmut/Erth      ########     0%          4    N/A
 Agony                    Necr           ########     0%          5    N/A
 Apportation              Tloc           ######       1%          1    N/A
 Corona                   Hex            ######.      1%          1    N/A
 Freeze                   Ice            ####         1%          1    N/A
 Infusion                 Chrm           ####         1%          1    N/A
 Magic Dart               Conj           ####         1%          1    N/A
 Sting                    Conj/Pois      ####         1%          1    N/A
 Summon Butterflies       Summ           ######..     1%          1    N/A
 Call Imp                 Summ           ######..     1%          2    N/A
 Ensorcelled Hibernation  Hex/Ice        ######       1%          2    N/A
 Poisonous Vapours        Pois/Air       ######       1%          2    N/A
 Shroud of Golubria       Chrm/Tloc      ######....   1%          2    N/A
 Slow                     Hex            ######..     1%          2    N/A
 Song of Slaying          Chrm           #######.     1%          2    N/A
 Throw Frost              Conj/Ice       ######       1%          2    N/A
 Confuse                  Hex            ######..     1%          3    N/A
 Dazzling Spray           Conj/Hex       ######       1%          3    N/A
 Gell's Gravitas          Tloc           ######....   1%          3    N/A
 Ignite Poison            Fire/Tmut/Pois #######.     1%          3    N/A
 Lesser Beckoning         Tloc           ######....   1%          3    N/A
 Spectral Weapon          Hex/Chrm       ######..     1%          3    N/A
 Static Discharge         Conj/Air       #######.     1%          3    N/A
 Teleport Other           Tloc           ######..     1%          3    N/A
 Tukima's Dance           Hex            ######..     1%          3    N/A
 Cause Fear               Hex            ######....   1%          4    N/A
 Ice Form                 Ice/Tmut       ########     1%          4    N/A
 Leda's Liquefaction      Hex/Erth       #######...   1%          4    N/A
 Olgreb's Toxic Radiance  Pois           #######.     1%          4    N/A
 Passage of Golubria      Tloc           N/A          1%          4    N/A
 Summon Ice Beast         Ice/Summ       ######..     1%          4    N/A
 Throw Icicle             Conj/Ice       #######.     1%          4    N/A
 Alistair's Intoxication  Tmut/Pois      ########     1%          5    N/A
 Bolt of Draining         Conj/Necr      ########..   1%          5    N/A
 Excruciating Wounds      Chrm/Necr      ########..   1%          5    N/A
 Fireball                 Conj/Fire      #######...   1%          5    N/A
 Irradiate                Conj/Tmut      ########..   1%          5    N/A
 Iskenderun's Battlesphe  Conj/Chrm      #######.     1%          5    N/A
 Lightning Bolt           Conj/Air       #######...   1%          5    N/A
 Metabolic Englaciation   Hex/Ice        ######....   1%          5    N/A
 Silence                  Hex/Air        #######...   1%          5    N/A
 Venom Bolt               Conj/Pois      #######...   1%          5    N/A
 Yara's Violent Unravell  Hex/Tmut       #######...   1%          5    N/A
 Bolt of Cold             Conj/Ice       #######...   1%          6    N/A
 Bolt of Fire             Conj/Fire      #######...   1%          6    N/A
 Death Channel            Necr           ########..   1%          6    N/A
 Freezing Cloud           Conj/Ice/Air   #######...   1%          6    N/A
 Hydra Form               Tmut           ########..   1%          6    N/A
 Iron Shot                Conj/Erth      ########..   1%          6    N/A
 Ozocubu's Refrigeration  Ice            #######...   1%          6    N/A
 Simulacrum               Ice/Necr       ########..   1%          6    N/A
 Statue Form              Tmut/Erth      ########.    1%          6    N/A
 Dragon Form              Tmut           ########..   1%          7    N/A
 Haunt                    Necr/Summ      ########..   1%          7    N/A
 Borgnjor's Revivificati  Necr           ########..   1%          8    N/A
 Infestation              Necr           ########..   1%          8    N/A
 Death's Door             Chrm/Necr      ########..   3%          8    N/A
 Orb of Destruction       Conj           #######...   7%          7    N/A
 Ring of Flames           Chrm/Fire      #######...   7%          7    N/A
 Shadow Creatures         Summ           N/A          10%         6    N/A
 Darkness                 Hex            ######....   13%         6    N/A
 Invisibility             Hex            ######..     13%         6    N/A
 Spellforged Servitor     Conj/Summ      ######....   17%         7    N/A
 Ignition                 Fire           #######...   52%         8    N/A
 Tornado                  Air            #######...   90%         9    N/A
 Discord                  Hex            ######....   98%         8    N/A
 Blink                    Tloc           Unusable     N/A         2    N/A

Dungeon Overview and Level Annotations

Branches:
Dungeon (15/15)            Temple (1/1) D:6            Lair (6/6) D:8
 Shoals (4/4) Lair:4        Snake (0/4) Lair:4        Slime (0/5) Lair:6
    Orc (2/2) D:11            Elf (3/3) Orc:2        Vaults (5/5) D:14
  Crypt (3/3) Vaults:2       Tomb (3/3) Crypt:3      Depths (0/5) D:15

Altars:
Ashenzari
Cheibriados
Dithmenos
Elyvilon
Fedhas
Gozag
Hepliaklqana
Kikubaaqudgha
Makhleb
Nemelex Xobeh
Okawaru
Qazlal
Ru
Sif Muna
Trog
Uskayaw
Vehumet
Wu Jian
Xom
Yredelemnul
Zin
The Shining One
Jiyva

Shops:
D:5 :   D:8 [   D:14 %(%   D:15 (   Orc:2 =[(*   Shoals:2 :   Vaults:1 (
Vaults:4 [   Tomb:1 [[:[


Innate Abilities, Weirdness & Mutations

You cannot be hasted, slowed, berserked, paralysed or teleported.
You can dig through walls and to a lower floor.
Your four strong arms can wield two-handed weapons with a shield.
You have a pair of large antennae on your head. (SInv)
You have a somewhat thin skeletal structure. (Dex +2, Stealth)
You are dopey. (Int -2)
You are resistant to hostile enchantments. (MR+)
You are covered in fur. (AC +1)


Message History

The bennu is no longer distracted by gold.
The pyre of ghostly fire engulfs you but does no damage.
You resist.
The pyre of ghostly fire engulfs the bennu.
The bennu completely resists.
The bennu is no longer distracted by gold.
The bennu renews itself in a burst of flame!
The zombie hands constrict the bennu!! x2
The flying skull is no longer distracted by gold.
The bennu pecks you. The bennu sears you!! The bennu claws you! x2
The bennu becomes distracted by the nearby gold, dreaming of imaginary riches. x2
A mummy priest comes into view.
The shadow dragon zombie becomes distracted by the nearby gold, dreaming of imaginary riches.
The bennu pecks you but does no damage. The bennu claws you but does no damage.
The bennu claws you!
You die...
Your body crumbles into a pile of gold.

*$$$,$,,,,,,,,**,,,,,,**,,,,,,,,
*$$$$$,,,.^.M.#*MzMMz$#*,,,,,,,,
*$$$$$,$.,%..$.#.$Lz$$.,,,,,,,,$
*$,$$$,$$.,....#b4b$.z..,,,,,,,,
**$$$$$,$$$,...$$$.$.zz.,,,,,,$,
**$$$$$)$$.,.$.$bb$$.#,,,,,,,$$
**$$$$$$...,.Z$$.$..#.,,,,,$$,
**$$$$$$$.$#bb$.....#,,,,$$$,
**,$$$$..WWLb$$$..#.,,,,$$,,
**$($$$$###$$$....#*,,,,$,,
**$$$$** #.$$$....**,,$$,*
*#**** #..###..# ******* ###..
## ▓▓▓


You could see a revenant, 7 bennus, 3 ancient champions, 3 mummy priests, a
guardian mummy, a chaos spawn, 2 shadows, 3 flying skulls and a shadow dragon
zombie (unaware).

Vanquished Creatures
  2 ancient liches (Crypt:3)
  Mara (Shoals:3)
  Mennas (Tomb:2)
  25 greater mummies
  Frederick (Tomb:3)
  A curse toe (Crypt:3)
  A bone dragon (Crypt:3)
  6 liches
  2 deep elf blademasters (Elf:3)
  Rupert (Orc:2)
  12 ancient champions
  3 krakens
  7 sphinxes
  A deep elf master archer (Elf:3)
  Gastronok (Orc:1)
  Kirke (Shoals:4)
  A storm dragon (Vaults:1)
  Agnes (Elf:3)
  A tengu reaver (Vaults:4)
  Ilsuiw (Shoals:4)
  4 revenants
  A deep elf sorcerer (Elf:3)
  4 frost giants (Vaults:4)
  2 curse skulls (Crypt:3)
  3 orc warlords
  Aizul (Vaults:4)
  11 vault wardens
  7 ghouls
  4 deep elf elementalists (Elf:3)
  10 ironheart preservers
  2 reapers
  The ghost of SnubMonkey the Unseen, a journeyman DEEn of Dithmenos (Shoals:1)
  5 bennus
  7 stone giants
  4 vampire knights
  4 entropy weavers
  Nessos (D:15)
  6 deep elf demonologists
  9 deep elf annihilators (Elf:3)
  Azrael (D:15)
  6 dire elephants (Lair:6)
  3 ettins
  7 merfolk javelineers
  An eidolon (Crypt:1)
  7 deep elf death magi
  4 deep elf high priests (Elf:3)
  8 jiangshi
  A fire dragon (Vaults:3)
  4 merfolk impalers
  16 mummy priests
  Fannar (Orc:1)
  3 great orbs of eyes
  12 yaktaur captains
  Harold (D:9)
  A rakshasa (Vaults:1)
  12 ogre magi
  5 hydras
  2 ice dragons
  Erolcha (Orc:1)
  24 vault guards
  A quicksilver dragon skeleton (Crypt:3)
  An alligator snapping turtle (Shoals:4)
  9 centaur warriors
  6 death knights
  A catoblepas (Vaults:1)
  An anaconda (Lair:6)
  6 merfolk aquamancers
  2 merfolk avatars
  25 two-headed ogres
  2 deep troll shamans (Vaults:1)
  5 death yaks
  5 orc high priests
  8 vampire magi
  3 satyrs
  47 death scarabs
  Urug (D:11)
  27 deep elf knights
  2 shadow wraiths
  A soul eater (Crypt:3)
  8 sea snakes
  A hell knight (Elf:3)
  A glowing orange brain (Vaults:2)
  4 unseen horrors
  6 flayed ghosts
  28 skeletal warriors
  4 deep trolls (Vaults:1)
  15 deep elf archers
  6 wizards
  A swamp dragon (shapeshifter) (Vaults:1)
  22 harpies
  4 anaconda skeletons
  An iron dragon zombie (Crypt:2)
  11 phantasmal warriors
  18 ironbrand convokers
  72 deep elf magi
  A golden dragon skeleton (Crypt:2)
  3 wolf spiders
  5 necromancers
  7 orc sorcerers
  A wolf spider zombie (D:14)
  21 orc knights
  13 manticores
  5 fauns
  6 oklob plants
  A sphinx skeleton (Crypt:2)
  30 ugly things
  Maurice (Orc:1)
  10 cyclopes
  A shadow dragon skeleton (Crypt:3)
  16 elephants
  A moth of wrath (Vaults:1)
  6 vault sentinels
  9 merfolk sirens
  2 ice statues (IceCv)
  A black mamba (shapeshifter) (Vaults:2)
  A fire giant skeleton (Crypt:2)
  4 water nymphs
  8 black mambas
  5 gargoyles
  A stone giant skeleton (Crypt:1)
  12 spiny frogs
  A storm dragon simulacrum (Crypt:1)
  A molten gargoyle (Lair:2)
  A yellow draconian zombie (Crypt:3)
  2 death yak zombies
  A black draconian zombie (Crypt:2)
  2 rime drakes
  A green draconian zombie (Crypt:1)
  8 ice devils (IceCv)
  18 yaktaurs
  A green draconian skeleton (Crypt:3)
  31 guardian mummies
  7 komodo dragons
  An alligator snapping turtle skeleton (Crypt:2)
  A yaktaur (shapeshifter) (Vaults:1)
  2 kobold demonologists
  A redback zombie (D:14)
  An anaconda simulacrum (Crypt:1)
  8 freezing wraiths
  4 catoblepas skeletons
  6 hydra zombies
  15 trolls
  A jumping spider (shapeshifter) (Vaults:2)
  21 merfolk
  A death yak skeleton (Lair:2)
  2 polar bears (shapeshifter)
  A queen bee (shapeshifter) (D:13)
  A jumping spider (Vaults:3)
  A shadow dragon simulacrum (Vaults:4)
  2 hornets (shapeshifter)
  An iron troll skeleton (Crypt:2)
  2 hydra skeletons (Lair:5)
  3 bog bodies (Crypt:3)
  2 wolf spider simulacra
  3 wind drakes
  32 blink frogs
  7 hippogriffs
  31 slime creatures
  4 polar bears
  A raiju (shapeshifter) (Vaults:3)
  6 hornets
  10 snapping turtles
  15 dream sheep
  A fire giant simulacrum (Crypt:2)
  An ice dragon zombie (Crypt:2)
  34 flying skulls
  2 black mamba zombies (Lair:4)
  A shadow (D:11)
  A guardian serpent skeleton (Crypt:1)
  A dire elephant simulacrum (Lair:5)
  4 air elementals
  A tarantella (Vaults:4)
  7 redbacks
  A spriggan (shapeshifter) (Elf:2)
  2 alligator skeletons
  An ice dragon skeleton (Crypt:2)
  15 water elementals
  9 wraiths
  2 black mamba skeletons
  A human (shapeshifter) (Vaults:2)
  11 ushabtiu
  7 wyverns
  3 fire elementals (D:15)
  7 hogs (Shoals:4)
  5 fire bats (Lair:6)
  29 yaks
  3 vampire mosquitoes
  A golden eye (shapeshifter) (Vaults:4)
  A steam dragon (D:8)
  A basilisk (Lair:2)
  A hog (shapeshifter) (Vaults:3)
  3 hungry ghosts
  A steam dragon (shapeshifter) (D:11)
  A torturous demonspawn zombie (Crypt:2)
  2 insubstantial wisps (D:8)
  5 nagas (Lair:4)
  An acid dragon (shapeshifter) (Vaults:1)
  7 wargs
  2 hell hounds (D:15)
  4 acid dragons
  A deep troll skeleton (Vaults:4)
  15 water moccasins
  67 orc warriors
  3 spiny frog zombies
  An orb spider zombie (Crypt:1)
  A manticore zombie (Tomb:1)
  11 porcupines
  A swamp dragon zombie (Crypt:2)
  2 spiny frog skeletons (Lair:3)
  An eye of draining (D:13)
  5 sky beasts
  6 phantoms
  A black bear (shapeshifter) (Vaults:3)
  4 black bears
  2 elephant zombies
  4 necrophages
  4 boggarts (Vaults:3)
  An ice dragon simulacrum (Crypt:2)
  2 dream sheep zombies
  2 blink frog zombies
  44 ogres
  23 centaurs
  5 wolves (Lair:2)
  14 crocodiles
  A dream sheep skeleton (Lair:2)
  A lindwurm skeleton (Crypt:3)
  An elf simulacrum (Vaults:4)
  3 big kobolds
  A hippogriff zombie (Crypt:1)
  A komodo dragon zombie (Lair:6)
  A gnoll sergeant (D:7)
  3 earth elementals
  13 bullfrogs
  A wyvern zombie (D:14)
  A komodo dragon skeleton (Lair:4)
  A water moccasin zombie (Lair:4)
  A water moccasin skeleton (Lair:4)
  A wyvern skeleton (D:12)
  A cyclops skeleton (Crypt:2)
  A swamp dragon simulacrum (Crypt:2)
  6 scorpions
  A yak skeleton (Lair:5)
  3 human simulacra
  9 killer bees
  6 wights
  A troll skeleton (Volcano)
  A spriggan skeleton (Volcano)
  5 electric eels
  2 howler monkeys
  6 jellies
  6 crimson imps
  A bullfrog zombie (Lair:4)
  11 centaur zombies
  2 basilisk zombies (Lair:4)
  A demonspawn zombie (Crypt:3)
  9 hounds
  A human zombie (D:9)
  18 orc priests
  34 orc wizards
  5 centaur skeletons
  A basilisk skeleton (Crypt:2)
  5 bullfrog skeletons
  5 iguanas
  3 porcupine zombies
  9 worker ants
  2 porcupine skeletons
  A killer bee zombie (D:7)
  A wolf simulacrum (Lair:5)
  2 crocodile zombies
  A bullfrog simulacrum (Lair:5)
  2 crocodile skeletons
  26 mummies
  4 worker ant zombies
  A crocodile simulacrum (Lair:5)
  16 gnolls
  14 adders
  2 orc skeletons (Bailey)
  8 shadow imps
  13 white imps
  7 ufetubi
  An adder zombie (D:5)
  2 adder skeletons
  2 barachi skeletons
  5 leopard geckos
  121 orcs
  3 ball pythons
  7 giant cockroaches
  29 goblins
  28 hobgoblins
  7 jackals
  2 quokkas
  A ball python zombie (Crypt:1)
  2 bats (D:2)
  6 frilled lizards
  A frilled lizard skeleton (D:6)
  2 gnoll skeletons (Bailey)
  A jackal skeleton (D:4)
  A jackal zombie (D:7)
  14 kobolds
  An orc zombie (D:12)
  17 rats
  A rat skeleton (Crypt:1)
  4 bushes (Elf:3)
  2 fungi
  14 plants
  7 tentacles
2025 creatures vanquished.

Vanquished Creatures (collateral kills)
  A frost giant (Vaults:1)
  An ironheart preserver (Vaults:1)
  A deep elf annihilator (Elf:3)
  An orc knight (Vaults:1)
  A vault sentinel (Vaults:1)
  A wolf (Lair:2)
  A killer bee (D:11)
7 creatures vanquished.

Vanquished Creatures (others)
  A deep elf master archer (Elf:3)
  2 sphinxes (Tomb:1)
  A deep elf annihilator (Elf:3)
  A deep elf death mage (Elf:3)
  32 dancing weapons
  A yaktaur (D:11)
  A sky beast (D:8)
  A human (D:9)
  An electric eel (Lair:1)
  An orc priest (D:11)
  4 white imps (IceCv)
  3 ufetubi (IceCv)
  3 orcs
  2 bushes (Lair:6)
  21 fungi
  13 plants
  62 tentacles
150 creatures vanquished.

Grand Total: 2182 creatures vanquished

Notes
Turn   | Place    | Note
-------+----------+-------------------------------------------
     0 | D:1      | DildoBatman the Formicid Wizard began the quest for the
                  | Orb.
     0 | D:1      | Reached XP level 1. HP: 13/13 MP: 4/4
    15 | D:1      | Reached skill level 1 in Conjurations
   430 | D:1      | Reached XP level 2. HP: 19/19 MP: 1/6
  1229 | D:1      | Reached XP level 3. HP: 24/24 MP: 4/7
  1234 | D:1      | Learned a level 3 spell: Conjure Flame
  1238 | D:1      | Learned a level 3 spell: Mephitic Cloud
  1771 | D:2      | Found Zin's Purification Station.
  1775 | D:2      | Found a glowing silver altar of Zin.
  2004 | D:2      | Found a sparkling altar of Nemelex Xobeh.
  2354 | D:3      | Reached XP level 4. HP: 30/30 MP: 1/8
  2559 | D:3      | Found an opulent altar of Gozag.
  2692 | D:3      | Found a white marble altar of Elyvilon.
  2815 | D:3      | Reached XP level 5. HP: 35/35 MP: 2/9
  3024 | D:3      | Found a faded altar of an unknown god.
  3693 | D:4      | Reached skill level 5 in Conjurations
  3693 | D:4      | Reached XP level 6. HP: 35/41 MP: 5/10
  4039 | D:4      | Found an ornate altar of the Wu Jian Council.
  4373 | D:5      | Entered Level 5 of the Dungeon
  4376 | D:5      | Noticed an ogre
  4400 | D:4      | Killed an ogre
  4453 | D:5      | Reached XP level 7. HP: 46/46 MP: 6/11
  4762 | D:5      | Reached skill level 1 in Poison Magic
  4767 | D:5      | Reached skill level 1 in Fire Magic
  5102 | D:5      | Found a hazy altar of Hepliaklqana.
  5213 | D:5      | Found Lehotus's Book Shoppe.
  5582 | D:6      | Found a transporter.
  5596 | D:6      | Found a transporter.
  5603 | D:6      | Noticed a kobold demonologist
  5618 | D:6      | Reached skill level 1 in Air Magic
  5893 | D:6      | Found a staircase to the Ecumenical Temple.
  5901 | Temple   | Entered the Ecumenical Temple
  6043 | Temple   | Became a worshipper of Kikubaaqudgha
  6107 | D:6      | Reached XP level 8. HP: 46/52 MP: 4/12
  6163 | D:6      | Found a sacrificial altar of Ru.
  6246 | D:6      | Found a glowing golden altar of the Shining One.
  6259 | D:6      | Noticed a hippogriff
  6269 | D:6      | Killed a hippogriff
  6809 | D:5      | Reached skill level 5 in Poison Magic
  6917 | D:4      | Reached XP level 9. HP: 57/57 MP: 3/13
  7220 | D:7      | Found a bloodstained altar of Trog.
  7342 | D:7      | Reached skill level 1 in Shields
  7396 | D:7      | Reached * piety under Kikubaaqudgha
  7396 | D:7      | Identified Kikubaaqudgha's Compendium of Evil
                  | (Kikubaaqudgha gifted it to you on level 7 of the Dungeon)
  7396 | D:7      | Received a gift from Kikubaaqudgha
  7421 | D:7      | Learned a level 2 spell: Sublimation of Blood
  7425 | D:7      | Learned a level 3 spell: Vampiric Draining
  7511 | D:7      | Reached skill level 5 in Fire Magic
  7687 | D:7      | Reached skill level 1 in Polearms
  8319 | D:8      | Reached ** piety under Kikubaaqudgha
  8491 | D:8      | Reached skill level 5 in Air Magic
  8500 | D:8      | Reached skill level 5 in Shields
  8535 | D:8      | Found a staircase to the Lair.
  8618 | D:8      | Found an iron altar of Okawaru.
  8619 | D:8      | Found a sparkling altar of Nemelex Xobeh.
  8741 | D:8      | Reached XP level 10. HP: 61/63 MP: 9/14
  8788 | D:8      | Found Laopnel's Armour Shoppe.
  8931 | D:8      | Found a snail-covered altar of Cheibriados.
  9796 | D:9      | Reached skill level 1 in Necromancy
  9814 | D:9      | Found an ancient bone altar of Kikubaaqudgha.
  9915 | D:9      | Noticed Harold
 10024 | D:9      | Killed Harold
 10045 | D:9      | Reached skill level 5 in Spellcasting
 10481 | D:10     | Entered Level 10 of the Dungeon
 10514 | D:10     | Reached XP level 11. HP: 68/68 MP: 19/19
 10522 | D:10     | Noticed an unseen horror
 10538 | D:10     | Killed an unseen horror
 10538 | D:10     | Reached *** piety under Kikubaaqudgha
 10538 | D:10     | Identified Kikubaaqudgha's Volume of Stolen Souls
                  | (Kikubaaqudgha gifted it to you on level 10 of the Dungeon)
 10538 | D:10     | Received a gift from Kikubaaqudgha
 10550 | D:10     | Learned a level 5 spell: Dispel Undead
 10556 | D:10     | Learned a level 5 spell: Borgnjor's Vile Clutch
 10589 | D:10     | Reached skill level 5 in Necromancy
 11836 | D:11     | Noticed Urug
 11939 | D:11     | Reached skill level 1 in Earth Magic
 11960 | D:11     | Reached **** piety under Kikubaaqudgha
 11994 | D:11     | Reached skill level 2 in Earth Magic
 12052 | D:11     | Killed Urug
 12052 | D:11     | Reached skill level 3 in Earth Magic
 12192 | D:11     | Noticed a cyclops
 12203 | D:11     | Killed a cyclops
 12203 | D:11     | Reached skill level 4 in Earth Magic
 12204 | D:11     | Noticed a two-headed ogre
 12214 | D:11     | Killed a two-headed ogre
 12240 | D:11     | Reached skill level 5 in Earth Magic
 12255 | D:11     | Noticed a red ugly thing
 12381 | D:11     | Reached XP level 12. HP: 70/74 MP: 23/23
 12610 | D:11     | Noticed a two-headed ogre
 12621 | D:11     | Reached skill level 6 in Earth Magic
 12631 | D:11     | Killed a two-headed ogre
 12783 | D:11     | Found a staircase to the Orcish Mines.
 12812 | D:11     | Reached skill level 7 in Earth Magic
 12887 | Orc:1    | Entered Level 1 of the Orcish Mines
 12887 | Orc:1    | Noticed Erolcha
 12920 | Orc:1    | Killed Erolcha
 12920 | Orc:1    | Reached skill level 8 in Earth Magic
 13022 | Orc:1    | Found a dark tunnel.
 13031 | Orc:1    | Noticed Maurice
 13033 | Volcano  | Entered a volcano
 13106 | Volcano  | Reached skill level 9 in Earth Magic
 13108 | Volcano  | Reached ***** piety under Kikubaaqudgha
 13130 | Volcano  | Noticed a skeletal warrior
 13136 | Volcano  | Killed a skeletal warrior
 13136 | Volcano  | Reached skill level 1 in Fighting
 13136 | Volcano  | Reached skill level 1 in Evocations
 13152 | Volcano  | Reached skill level 1 in Armour
 13181 | Volcano  | Noticed a skeletal warrior
 13208 | Volcano  | Killed a skeletal warrior
 13307 | Volcano  | Reached skill level 5 in Stealth
 13321 | Volcano  | Gained mutation: You expend magic power (3 MP) to
                  | strengthen your wands. [potion of mutation]
 13321 | Volcano  | Gained mutation: Armour fits poorly on your strangely
                  | shaped body. [potion of mutation]
 13321 | Volcano  | Gained mutation: You are robust. (+10% HP) [potion of
                  | mutation]
 13321 | Volcano  | Gained mutation: You are agile. (Dex +2) [potion of
                  | mutation]
 13339 | Orc:1    | Noticed Gastronok
 13354 | Orc:1    | Found a frozen archway.
 13363 | IceCv    | Entered an ice cave
 13746 | IceCv    | Reached XP level 13. HP: 48/93 MP: 5/24
 13909 | IceCv    | Noticed a reaper
 13937 | IceCv    | Killed a reaper
 14144 | Orc:1    | Killed Gastronok
 14151 | Orc:1    | Killed Maurice
 14583 | Orc:1    | Noticed Fannar
 14583 | Orc:1    | Noticed a stone giant
 14602 | Orc:1    | Killed a stone giant
 14602 | Orc:1    | Reached skill level 5 in Fighting
 14602 | Orc:1    | Reached skill level 5 in Evocations
 14606 | Orc:1    | Reached skill level 5 in Armour
 14625 | Orc:1    | Killed Fannar
 14760 | Orc:2    | Entered Level 2 of the Orcish Mines
 14760 | Orc:2    | Noticed a stone giant
 14766 | Orc:2    | Killed a stone giant
 14766 | Orc:2    | Reached skill level 5 in Dodging
 14778 | Orc:2    | Noticed Rupert
 14799 | Orc:2    | Killed Rupert
 14870 | Orc:2    | Reached ****** piety under Kikubaaqudgha
 14885 | Orc:1    | Received a gift from Kikubaaqudgha
 14889 | Orc:1    | Fell from the grace of Kikubaaqudgha
 15115 | D:3      | Became a worshipper of Gozag Ym Sagoz the Greedy
 15468 | Orc:2    | Found a staircase to the Elven Halls.
 15478 | Orc:1    | Reached XP level 14. HP: 93/111 MP: 15/26
 15494 | Orc:2    | Noticed an orc warlord
 15586 | Orc:2    | Killed an orc warlord
 15835 | Orc:2    | Noticed an orc warlord
 16345 | Lair:1   | Entered Level 1 of the Lair of Beasts
 16536 | Lair:1   | Learned a level 3 spell: Ozocubu's Armour
 16640 | Lair:1   | Reached skill level 1 in Charms
 16677 | Lair:1   | Got a twisted short sword
 16940 | Lair:1   | Reached skill level 1 in Ice Magic
 17486 | Lair:1   | Identified the +5 short sword of Autumn {flame, rPois
                  | Int+5} (You found it on level 1 of the Lair of Beasts)
 18950 | Lair:3   | Reached XP level 15. HP: 118/118 MP: 27/27
 19384 | Lair:4   | Found a staircase to the Snake Pit.
 19550 | Lair:4   | Got a bloodstained falchion
 19560 | Lair:4   | Found a staircase to the Shoals.
 19701 | Lair:4   | Got an ancient platinum ring
 20118 | Lair:4   | Reached skill level 5 in Polearms
 20172 | Lair:4   | Identified the +6 falchion "Jorerph" {holy, Dex+3} (You
                  | found it on level 4 of the Lair of Beasts)
 20175 | Lair:4   | Identified the ring "Ywki" {Ice *Contam +Fly rPois} (You
                  | found it on level 4 of the Lair of Beasts)
 20580 | Lair:5   | Got a crude short sword
 20894 | Lair:5   | Found a transporter.
 20945 | Lair:5   | Found a transporter.
 21076 | Lair:5   | Identified the Disquisition on Intoxication and Flames
 21132 | Lair:5   | Identified the cursed +3 short sword of Massacring {vamp,
                  | *Slow MR+ SInv} (You found it on level 5 of the Lair of
                  | Beasts)
 21158 | Lair:5   | Lost mutation: You expend magic power (3 MP) to strengthen
                  | your wands. [potion of mutation]
 21158 | Lair:5   | Lost mutation: Armour fits poorly on your strangely shaped
                  | body. [potion of mutation]
 21158 | Lair:5   | Lost mutation: You are agile. (Dex +2) [potion of mutation]
 21158 | Lair:5   | Lost mutation: You are robust. (+10% HP) [potion of
                  | mutation]
 21158 | Lair:5   | Gained mutation: You are resistant to hostile enchantments.
                  | (MR+) [potion of mutation]
 21158 | Lair:5   | Gained mutation: You are dopey. (Int -2) [potion of
                  | mutation]
 21158 | Lair:5   | Gained mutation: You have a somewhat thin skeletal
                  | structure. (Dex +2, Stealth) [potion of mutation]
 21158 | Lair:5   | Gained mutation: You are covered in fur. (AC +1) [potion of
                  | mutation]
 21178 | Lair:6   | Entered Level 6 of the Lair of Beasts
 21184 | Lair:6   | Noticed a reaper
 21482 | D:2      | Bought a potion of curing for 90 gold pieces
 21591 | D:5      | Bought a book of Battle for 440 gold pieces
 21595 | D:5      | Learned a level 3 spell: Regeneration
 22344 | Lair:6   | Found a viscous altar of Jiyva.
 22344 | Lair:6   | Found a staircase to the Slime Pits.
 22584 | Lair:6   | Reached skill level 10 in Spellcasting
 23528 | Orc:2    | Killed an orc warlord
 23645 | Orc:2    | Found Ehisecase's Jewellery Emporium.
 23721 | Orc:2    | Bought the amulet of Mesoja {Regen+ Int+2} for 412 gold
                  | pieces
 23836 | Orc:2    | Found Yrroac's Antique Weapon Boutique.
 23865 | Orc:2    | Bought a warped arbalest for 237 gold pieces
 23865 | Orc:2    | Bought a smoking hand axe for 200 gold pieces
 23865 | Orc:2    | Identified the +10 arbalest of the Warrior {flame, MR+
                  | Int+7} (You bought it in a shop on level 2 of the Orcish
                  | Mines)
 23867 | Orc:2    | Identified the cursed +2 hand axe of Comeg {protect, *Drain
                  | rPois Str+7} (You bought it in a shop on level 2 of the
                  | Orcish Mines)
 23889 | Orc:2    | Reached XP level 16. HP: 117/119 MP: 29/31
 23988 | Orc:2    | Found Ymopipe's General Store.
 24005 | Orc:2    | Bought a scroll of identify for 28 gold pieces
 24005 | Orc:2    | Bought a scroll of identify for 28 gold pieces
 24080 | Orc:2    | Found Acumnach's Antique Armour Emporium.
 24088 | Orc:2    | Bought a pair of blackened boots for 342 gold pieces
 24098 | Orc:2    | Identified the cursed +0 pair of boots of Action {Str+7
                  | Int+4} (You bought it in a shop on level 2 of the Orcish
                  | Mines)
 24577 | D:12     | Found a flagged portal.
 24586 | Bailey   | Entered a bailey
 24833 | Bailey   | Was forgiven by Kikubaaqudgha
 25891 | D:12     | Identified 2 scrolls of acquirement
 26186 | D:13     | Found a shattered altar of Ashenzari.
 26803 | D:14     | Found a gate to the Vaults.
 27004 | D:14     | Identified the Catalogue of Sand
 27018 | D:14     | Identified Sif Muna's Tome of Combed Thunderclap
 27025 | D:14     | Identified the Tome of Axaxaxas mlö
 27237 | D:14     | Found Xemmufoc's Food Shop.
 27391 | D:14     | Found Denote's Food Shoppe.
 27516 | D:14     | Found Ymociemp's Antique Weapon Shoppe.
 27754 | D:15     | Entered Level 15 of the Dungeon
 27857 | D:15     | Reached XP level 17. HP: 113/125 MP: 10/35
 28013 | D:15     | Noticed Nessos
 28032 | D:15     | Killed Nessos
 28035 | D:15     | Reached skill level 15 in Spellcasting
 28265 | D:15     | Found a staircase to the Depths.
 28284 | D:15     | Found Otee's Weapon Boutique.
 28395 | D:15     | Noticed Azrael
 28413 | D:15     | Killed Azrael
 29128 | Lair:6   | Got a bloodstained short sword
 29143 | Lair:6   | Identified the +5 short sword of Moderation {freeze, rF-
                  | SInv Stlth+} (You found it on level 6 of the Lair of
                  | Beasts)
 29160 | Lair:6   | Learned a level 5 spell: Bolt of Draining
 29298 | Lair:6   | Reached skill level 1 in Long Blades
 29476 | Lair:6   | Learned a level 5 spell: Bolt of Magma
 29814 | Shoals:1 | Entered Level 1 of the Shoals
 30069 | Shoals:1 | Reached skill level 5 in Charms
 30181 | Shoals:1 | Found a runed translucent door.
 30181 | Shoals:1 | Noticed SnubMonkey's ghost (journeyman DEEn)
 30191 | Shoals:1 | Killed SnubMonkey's ghost
 30745 | Shoals:1 | Reached skill level 5 in Ice Magic
 31295 | Shoals:2 | Found Fem Jat's Book Boutique.
 31306 | Shoals:2 | Bought a manual of Spellcasting for 1545 gold pieces
 32232 | Shoals:3 | Noticed Mara
 32286 | Shoals:3 | Killed Mara
 32286 | Shoals:3 | Reached XP level 18. HP: 64/134 MP: 15/39
 32478 | Shoals:3 | Noticed a kraken
 32561 | Shoals:3 | Killed a kraken
 33241 | Shoals:4 | Entered Level 4 of the Shoals
 33366 | Shoals:4 | Noticed Ilsuiw
 33442 | Shoals:4 | Killed Ilsuiw
 33534 | Shoals:4 | Noticed a kraken
 33595 | Shoals:4 | Killed a kraken
 33955 | Shoals:4 | Reached skill level 10 in Fighting
 33955 | Shoals:4 | Reached skill level 10 in Armour
 34073 | Shoals:4 | Noticed Kirke
 34094 | Shoals:4 | Killed Kirke
 34171 | Shoals:4 | Reached skill level 10 in Earth Magic
 34267 | Shoals:4 | Reached XP level 19. HP: 114/140 MP: 7/42
 34323 | Shoals:4 | Got a barnacled rune of Zot
 34621 | Shoals:4 | Got a faintly glowing ring mail
 34910 | Vaults:1 | Entered Level 1 of the Vaults
 35006 | Vaults:1 | Identified the +5 ring mail of Baovoin {rPois MR+++ Int+3
                  | Dex-2} (You found it on level 4 of the Shoals)
 35144 | Vaults:1 | Reached skill level 10 in Necromancy
 35741 | Vaults:1 | Found Xaof's Weapon Boutique.
 35816 | Vaults:1 | Reached skill level 5 in Long Blades
 35819 | Vaults:1 | Reached skill level 11 in Earth Magic
 35826 | Vaults:1 | Identified the cursed ring "Ymmyelia" {Dex-2 Slay+2}
 35970 | Vaults:1 | Reached skill level 12 in Earth Magic
 36261 | Vaults:1 | Found the +7 Spriggan's Knife {stab, EV+4 Stlth+}
 36261 | Vaults:1 | Found the +5 pair of quick blades "Gyre" and "Gimble"
                  | {pierce, Dex-3}
 36697 | Vaults:2 | Reached skill level 1 in Crossbows
 36984 | Vaults:2 | Learned a level 6 spell: Deflect Missiles
 37061 | Vaults:2 | Reached XP level 20. HP: 146/147 MP: 38/44
 38128 | Vaults:2 | Found a staircase to the Crypt.
 38449 | Vaults:2 | You fall through a shaft!
 38578 | Vaults:3 | Got an encrusted shield
 38608 | Vaults:3 | Reached skill level 5 in Crossbows
 39876 | Vaults:2 | Reached XP level 21. HP: 153/153 MP: 30/45
 40300 | Vaults:4 | Reached skill level 15 in Necromancy
 40400 | Vaults:4 | Found Bolamonu's Antique Armour Boutique.
 40436 | Vaults:4 | Bought a twisted leather armour for 189 gold pieces
 40436 | Vaults:4 | Bought a pair of runed gloves for 202 gold pieces
 40436 | Vaults:4 | Bought a jewelled leather armour for 189 gold pieces
 40446 | Vaults:4 | Identified the +2 leather armour of Sawugh {-Tele rF+ Str+2
                  | Slay+3} (You bought it in a shop on level 4 of the Vaults)
 40462 | Vaults:4 | Identified the +5 shield "Doogg" {rC++} (You found it on
                  | level 3 of the Vaults)
 40468 | Vaults:4 | Identified the +3 leather armour "Cualeihuv" {rC+} (You
                  | bought it in a shop on level 4 of the Vaults)
 40693 | Vaults:4 | Noticed Aizul
 40698 | Vaults:4 | Killed Aizul
 41527 | Vaults:5 | Entered Level 5 of the Vaults
 41766 | Elf:1    | Entered Level 1 of the Elven Halls
 41768 | Elf:1    | Reached XP level 22. HP: 156/159 MP: 40/46
 42749 | Elf:1    | Learned a level 8 spell: Necromutation
 42801 | Elf:2    | Reached skill level 1 in Transmutations
 42864 | Elf:2    | Identified the ring of Emaokhlil {Int-2 Dex+4 Slay+4 SInv}
 43033 | Elf:2    | Found a runed translucent gate.
 43033 | Elf:2    | Found a runed translucent gate.
 43033 | Elf:2    | Found a runed translucent gate.
 43419 | Elf:2    | Reached skill level 5 in Transmutations
 43848 | Elf:3    | Entered Level 3 of the Elven Halls
 43923 | Elf:3    | Noticed Agnes
 43940 | Elf:3    | Killed Agnes
 44674 | Elf:3    | Reached XP level 23. HP: 143/165 MP: 37/47
 44710 | Elf:3    | Reached skill level 10 in Transmutations
 44767 | Elf:3    | Identified the ring of Music {rPois rC+ Str+2}
 44796 | Elf:3    | Identified the ring "Abygef" {Ice Int+4}
 44908 | Elf:3    | Identified the ring of Mafus {rPois rF- rC+ rN+ Slay+6}
 45201 | Elf:3    | Identified the Almanac of Evil Cold
 45695 | Crypt:1  | Entered Level 1 of the Crypt
 47235 | Crypt:3  | Entered Level 3 of the Crypt
 47243 | Crypt:3  | Reached skill level 15 in Transmutations
 47343 | Crypt:3  | Got an encrusted buckler
 47389 | Crypt:3  | Identified the +1 buckler "Engohul" {MR++ Regen+ Dex-3}
                  | (You found it on level 3 of the Crypt)
 47433 | Crypt:3  | Reached XP level 24. HP: 164/172 MP: 8/47
 47600 | Crypt:3  | Found a staircase to the Tomb.
 47758 | Crypt:3  | Found the +3 sling "Punk" {acid, rCorr}
 48038 | Crypt:3  | Noticed a curse toe
 48067 | Crypt:3  | Killed a curse toe
 48119 | Crypt:3  | Noticed an ancient lich
 48119 | Crypt:3  | Noticed an ancient lich
 48295 | Crypt:3  | Killed an ancient lich
 48297 | Crypt:3  | Killed an ancient lich
 48368 | Crypt:3  | Got an ancient hand crossbow
 48400 | Crypt:3  | Identified the +1 hand crossbow "Qualugeu" {penet, rPois}
                  | (You found it on level 3 of the Crypt)
 48472 | Tomb:1   | Entered Level 1 of the Tomb of the Ancients
 48830 | Tomb:1   | Bought the +2 robe of Vines {NoPotionHeal Regen+7} for 1040
                  | gold pieces
 48830 | Tomb:1   | Found the +2 robe of Vines {NoPotionHeal Regen+7}
 48934 | Tomb:1   | Reached XP level 25. HP: 177/177 MP: 11/47
 49138 | Tomb:1   | Noticed a greater mummy
 49154 | Tomb:1   | Killed a greater mummy
 49209 | Tomb:1   | Noticed a greater mummy
 49210 | Tomb:1   | Noticed a greater mummy
 49218 | Tomb:1   | Killed a greater mummy
 49218 | Tomb:1   | Reached skill level 13 in Earth Magic
 49219 | Tomb:1   | Killed a greater mummy
 49617 | Tomb:1   | Got a pair of twisted boots
 50000 | Tomb:1   | Identified the +0 pair of boots "Kiteisy" {rC- Str+3 Dex+8}
                  | (You found it on level 1 of the Tomb of the Ancients)
 50054 | Tomb:1   | Bought a book of the Earth for 1430 gold pieces
 50064 | Tomb:1   | Learned a level 9 spell: Shatter
 50105 | Tomb:1   | Noticed a greater mummy
 50113 | Tomb:1   | Noticed a greater mummy
 50115 | Tomb:1   | Noticed a greater mummy
 50118 | Tomb:1   | Killed a greater mummy
 50118 | Tomb:1   | Reached skill level 14 in Earth Magic
 50122 | Tomb:1   | Killed a greater mummy
 50124 | Tomb:1   | Killed a greater mummy
 50129 | Tomb:1   | Learned a level 2 spell: Sublimation of Blood
 50141 | Tomb:1   | Noticed a greater mummy
 50151 | Tomb:1   | Killed a greater mummy
 50151 | Tomb:1   | Reached skill level 15 in Earth Magic
 50162 | Tomb:1   | Noticed a greater mummy
 50166 | Tomb:1   | Noticed a greater mummy
 50170 | Tomb:1   | Killed a greater mummy
 50177 | Tomb:1   | Killed a greater mummy
 50223 | Tomb:1   | Noticed a greater mummy
 50235 | Tomb:1   | Killed a greater mummy
 50247 | Tomb:1   | Noticed a greater mummy
 50256 | Tomb:1   | Killed a greater mummy
 50256 | Tomb:1   | Reached skill level 16 in Earth Magic
 50282 | Tomb:1   | Noticed a greater mummy
 50288 | Tomb:1   | Noticed a greater mummy
 50289 | Tomb:1   | Noticed a greater mummy
 50289 | Tomb:1   | Noticed a greater mummy
 50306 | Tomb:1   | Killed a greater mummy
 50307 | Tomb:1   | Killed a greater mummy
 50307 | Tomb:1   | Noticed a greater mummy
 50309 | Tomb:1   | Killed a greater mummy
 50311 | Tomb:1   | Killed a greater mummy
 50311 | Tomb:1   | Reached skill level 17 in Earth Magic
 50311 | Tomb:1   | Killed a greater mummy
 50385 | Tomb:1   | Noticed a greater mummy
 50393 | Tomb:1   | Killed a greater mummy
 50393 | Tomb:1   | Reached XP level 26. HP: 149/184 MP: 25/47
 50416 | Tomb:1   | Noticed a greater mummy
 50426 | Tomb:1   | Killed a greater mummy
 50472 | Tomb:1   | Noticed a greater mummy
 50477 | Tomb:1   | Noticed a greater mummy
 50486 | Tomb:1   | Killed a greater mummy
 50486 | Tomb:1   | Reached skill level 18 in Earth Magic
 50487 | Tomb:1   | Killed a greater mummy
 51109 | Tomb:2   | Noticed a greater mummy
 51118 | Tomb:2   | Killed a greater mummy
 51118 | Tomb:2   | Reached skill level 19 in Earth Magic
 51120 | Tomb:2   | Noticed a greater mummy
 51121 | Tomb:2   | Noticed a greater mummy
 51122 | Tomb:2   | Noticed Mennas
 51280 | Tomb:2   | Noticed a greater mummy
 51280 | Tomb:2   | Noticed a greater mummy
 51288 | Tomb:2   | Killed a greater mummy
 51288 | Tomb:2   | Killed a greater mummy
 51296 | Tomb:2   | Killed a greater mummy
 51296 | Tomb:2   | Reached skill level 20 in Earth Magic
 51310 | Tomb:2   | Killed a greater mummy
 51332 | Tomb:2   | Killed Mennas
 52021 | Tomb:3   | Entered Level 3 of the Tomb of the Ancients
 52032 | Tomb:3   | Reached skill level 21 in Earth Magic
 52032 | Tomb:3   | Noticed Frederick
 52040 | Tomb:3   | Killed Frederick
 52040 | Tomb:3   | Reached XP level 27. HP: 146/190 MP: 3/47
 52042 | Tomb:3   | HP: 3/190 [bennu (10)]
 52042 | Tomb:3   | Mangled by a bennu

Skill      XL: |  1  2  3  4  5  6  7  8  9 10 11 12 13 14 15 16 17 18 19 20 21 22 23 24 25 26 |
---------------+-------------------------------------------------------------------------------+-----
Conjurations   | 1 2 3 4 5 6 |  6.1
Poison Magic   | 2 5 6 |  6.0
Stealth        | 4 5 6 |  6.0
Fire Magic     | 2 4 5 |  5.0
Air Magic      | 1 3 5 7 8 |  8.2
Shields        | 5 9 |  9.0
Polearms       | 2 4 5 |  5.0
Necromancy     | 4 8 9 12 14 17 19 | 19.0
Spellcasting   | 5 7 8 11 14 17 19 20 | 20.0
Earth Magic    | 5 9 10 12 17 21 | 21.8
Fighting       | 2 6 8 9 10 | 10.0
Dodging        | 2 5 7 8 |  8.0
Evocations     | 2 6 |  6.0
Armour         | 2 6 8 9 10 | 10.0
Charms         | 2 4 5 6 7 |  7.0
Ice Magic      | 2 4 5 6 |  6.0
Long Blades    | 2 3 5 |  5.0
Crossbows      | 3 5 |  5.0
Transmutations | 9 15 19 | 19.0
Summonings     | |  1.0
Translocations | |  0.8

Action                   |  1- 3 |  4- 6 |  7- 9 | 10-12 | 13-15 | 16-18 | 19-21 | 22-24 | 25-27 || total
-------------------------+-------+-------+-------+-------+-------+-------+-------+-------+-------++-------
Melee: Dagger            |     1 |    15 |       |       |       |       |       |       |       ||    16
       Spear             |       |    16 |   151 |   245 |       |       |       |       |       ||   412
       Flail             |       |     7 |       |       |       |       |       |       |       ||     7
       Quarterstaff      |       |     4 |   112 |       |       |       |       |       |       ||   116
       Trident           |       |       |    61 |       |       |       |       |       |       ||    61
       Staff             |       |       |     8 |    81 |     1 |       |       |       |       ||    90
       Halberd           |       |       |       |    88 |  1196 |   737 |       |       |       ||  2021
       Eudemon blade     |       |       |       |       |       |   409 |    85 |       |       ||   494
       Knife             |       |       |       |       |       |       |     2 |       |       ||     2
 Fire: Hunting sling     |       |       |    20 |       |       |       |       |       |       ||    20
       Arbalest          |       |       |       |       |       |       |   406 |   540 |   124 ||  1070
 Cast: Magic Dart        |    85 |    84 |   130 |   152 |    33 |       |       |       |       ||   484
       Mephitic Cloud    |       |     4 |    29 |    49 |   132 |   121 |    28 |    10 |       ||   373
       Conjure Flame     |       |     1 |    25 |    60 |    87 |    77 |    22 |     2 |       ||   274
       Borgnjor's Vile C |       |       |       |    33 |    65 |   163 |   213 |   285 |    94 ||   853
       Dispel Undead     |       |       |       |     7 |       |     5 |    12 |    58 |    16 ||    98
       Sublimation of Bl |       |       |       |       |     5 |    15 |     2 |     4 |    12 ||    38
       Vampiric Draining |       |       |       |       |     2 |       |       |       |       ||     2
       Regeneration      |       |       |       |       |     4 |    36 |    20 |    15 |     6 ||    81
       Ozocubu's Armour  |       |       |       |       |     3 |    25 |    13 |     8 |     3 ||    52
       Bolt of Draining  |       |       |       |       |       |     6 |    32 |     5 |       ||    43
       Bolt of Magma     |       |       |       |       |       |     1 |     1 |    11 |     6 ||    19
       Deflect Missiles  |       |       |       |       |       |       |     2 |     2 |       ||     4
       Necromutation     |       |       |       |       |       |       |       |    38 |    19 ||    57
       Shatter           |       |       |       |       |       |       |       |       |    19 ||    19
Invok: Receive Necronomi |       |       |       |       |     1 |       |       |       |       ||     1
       Renounce Religion |       |       |       |       |     1 |       |       |       |       ||     1
       Potion Petition   |       |       |       |       |       |       |     2 |     3 |     7 ||    12
       Call Merchant     |       |       |       |       |       |       |       |     1 |     3 ||     4
 Abil: Dig               |       |     3 |     7 |    29 |    36 |    27 |     3 |     7 |       ||   112
       End Transformatio |       |       |       |       |       |       |       |     2 |     5 ||     7
Evoke: Wand              |       |       |       |     7 |     4 |     5 |    10 |     4 |     4 ||    34
       Lamp of fire      |       |       |       |       |       |     1 |     3 |     3 |     2 ||     9
       Phial of floods   |       |       |       |       |       |       |     2 |       |       ||     2
       Sack of spiders   |       |       |       |       |       |       |       |     1 |       ||     1
       Fan of gales      |       |       |       |       |       |       |       |       |     3 ||     3
  Use: Scroll            |       |     6 |     4 |    12 |    10 |    11 |     4 |    10 |     2 ||    59
       Potion            |       |       |       |     3 |     2 |     4 |    10 |     2 |     4 ||    25
 Stab: Confused          |       |     3 |    10 |    15 |    66 |    59 |       |       |       ||   153
       Sleeping          |       |     1 |       |       |     5 |     4 |     2 |       |       ||    12
       Distracted        |       |       |       |       |     5 |     6 |     3 |       |       ||    14
  Eat: Chunk             |     4 |     7 |     9 |    23 |     8 |       |       |       |       ||    51
       Ration            |       |       |     3 |     4 |    17 |    14 |     7 |     5 |     2 ||    52
Armor: Robe              |       |    20 |    78 |    41 |       |       |       |       |    94 ||   233
       Acid dragon scale |       |       |       |    49 |     4 |       |       |       |       ||    53
       Troll leather arm |       |       |       |       |   301 |   396 |   142 |   238 |    25 ||  1102
Dodge: Dodged            |     7 |    31 |   142 |   142 |   515 |   701 |   211 |   309 |   134 ||  2192
       Deflected         |       |       |       |     8 |       |    22 |    18 |    24 |       ||    72
Block: Other             |       |       |     5 |       |       |       |       |       |       ||     5
       Buckler           |       |       |    23 |     7 |       |       |       |       |       ||    30
       Shield            |       |       |       |   185 |   483 |   657 |   233 |   401 |   204 ||  2163
       Reflection        |       |       |       |    20 |     9 |       |       |       |       ||    29
       Rpst.: Eudemon blade |       |       |       |       |       |    83 |    16 |       |       ||    99
